[Event "*** Titled Tuesday 3|2 Blitz (Late)"]
[Site "Chess.com"]
[Date "2016.12.06"]
[Round "6"]
[White "MattyDPerrine"]
[Black "CemilCan"]
[Result "0-1"]
[WhiteElo "2221"]
[BlackElo "2485"]
[TimeControl "180+2"]
[EndTime "18:11:54 PST"]
[Termination "CemilCan won by resignation"]

1. d4 d5 2. c4 c6 3. Nc3 Nf6 4.
Nf3 e6 5. e3 Nbd7 6. Qc2 Bd6 7.
Bd2 O-O 8. g4 dxc4 9. g5 Nd5 10.
Ne4 Bb4 11. Bxc4 Bxd2+ 12. Qxd2 Qe7 13. Ne5 c5 14. Nxd7 Bxd7 15. Bxd5 exd5 16. Nxc5 Bf5 17. h4 Rac8 18. O-O b6 19. Nd3 h6 20. f4 Rfe8 21. Rae1 hxg5 22. fxg5 Be4 23. Nf4 Rc2 24. Qd1 Qd7 25. Re2 Rec8 26. Rxc2 Rxc2 27. Rf2 Rc7 28. Rd2 Qc8 29. Qe2 a5 30. Kh2 a4 31. a3 Kf8 32.
Kg3 Ke7 33. Qb5 Rc1 34. Nxd5+ Bxd5 35. Qxd5 Rg1+ 36. Rg2 Re1 37. Qe5+ Kf8 38. Rf2 Kg8 39. Qf4 Qe8 40. Rf3 Qe6 41. Kf2 Rb1 42. h5 Rxb2+ 43. Kg3 Rb3 44. g6 fxg6 45. h6 Qe7 46. Kg4 Rb1 47. Kg3 Rh1 48. hxg7 Kxg7 49. Qg4 Rg1+ 0-1

[Event "*** Titled Tuesday 3|2 Blitz (Late)"]
[Site "Chess.com"]
[Date "2016.12.06"]
[Round "6"]
[White "Rating-Schmating"]
[Black "Pierrebl"]
[Result "0-1"]
[WhiteElo "2235"]
[BlackElo "2434"]
[TimeControl "180+2"]
[EndTime "18:12:11 PST"]
[Termination "Pierrebl won by resignation"]

1. e4 c5 2. Nf3 Nc6 3. d4 cxd4 4. Nxd4 Nf6 5. Nc3 e5 6. Ndb5 d6 7. Bg5 a6 8. Na3 b5 9. Nd5 Be7 10. Bxf6 Bxf6 11. c4 b4 12. Nc2 O-O 13. b3 a5 14.
Be2 Nb8 15. O-O Na6 16. Nce3 Nc5 17. f3 Bg5 18. Qc2 Bb7 19. a3 bxa3 20. Rxa3 Bxe3+ 21. Nxe3 Qb6 22. Qc3 Qb4 23. Qxb4 axb4 24. Rxa8 Rxa8 25. Nc2 Nxb3 26. Nxb4 Nd4 27. Bd3 g6 28. Nc2 Ne6 29. Ra1 Rxa1+ 30. Nxa1 Nc5 31. Bc2 Ba6 32. Nb3 Bxc4 33.
Nxc5 dxc5 34. Kf2 Kg7 35. Ke3 Kf6 36. g3 g5 37. Kd2 Ke7 38. Bd1 Kd6 39. Kc3 Bf1 40.
Kb3 Bg2 41. Be2 g4 42. fxg4 Bxe4 43. Kc4 h6 44. h4 f6 45. Bd1 Bd5+ 46. Kd3 Kc6 47.
Ba4+ Kb6 48. Be8 Ka5 49. Kc3 Be6 50. Bh5 Ka4 51. Be8+ Ka3 52. Bc6 Ka2 53. Be4 Ka1 54. Bg6 Bd5 55. Bd3 Ka2 56. Bf5 e4 57. Bg6 Kb1 58.
Bxe4+ Bxe4 59. Kc4 Bf3 60. Kxc5 Bxg4 61. Kd6 h5 62. Ke7 f5 63. Kf6 Kc2 64. Kg5 Kd2 65. Kf4 Ke2 66. Ke5 Kf2 67. Kf4 Kg2 68. Ke3 Kxg3 69.
Kd2 f4 70. Ke1 Kg2 0-1

[Event "*** Titled Tuesday 3|2 Blitz (Late)"]
[Site "Chess.com"]
[Date "2016.12.06"]
[Round "6"]
[White "GeorgMeier"]
[Black "gmshanmeruga"]
[Result "1-0"]
[WhiteElo "2769"]
[BlackElo "2326"]
[TimeControl "180+2"]
[EndTime "18:12:17 PST"]
[Termination "GeorgMeier won by checkmate"]

1. Nf3 Nf6 2. g3 g6 3. Bg2 Bg7 4. O-O O-O 5. d4 d5 6. c4 c6 7.
cxd5 cxd5 8. Nc3 Nc6 9. Ne5 Bf5 10. Be3 Rc8 11. Rc1 Ne4 12. Nxe4 Bxe4 13. Nxc6 Rxc6 14.
Rxc6 bxc6 15. Bxe4 dxe4 16. Qa4 Qb6 17. b3 Qb7 18.
Rc1 Rc8 19. Rc5 e6 20. Ra5 Ra8 21. Ra6 h5 22. Qxc6 Qxc6 23. Rxc6 a5 24. Rc4 Rd8 25. h3 Rd5 26. Kg2 e5 27. dxe5 Bxe5 28. Rxe4 Bd6 29. Rd4 Rxd4 30. Bxd4 f5 31. f4 Kf7 32.
Kf3 Ke6 33. e4 fxe4+ 34. Kxe4 Bb4 35. g4 hxg4 36. hxg4 Ke7 37. Kd5 Bd2 38. f5 gxf5 39. gxf5 a4 40. Bb2 Kf7 41. Be5 a3 42. Kc4 Bc1 43.
b4 Ke7 44. b5 Kd7 45. Kd5 Bb2 46. f6 Ke8 47. b6 Kd7 48. f7 Ke7 49. b7 Kxf7 50. b8=Q Bxe5 51. Qxe5 Kg6 52. Kc4 Kf7 53. Kb3 Kg6 54. Kxa3 Kf7 55. Kb4 Kg6 56. a4 Kf7 57.
Kc5 Kg6 58. Kd5 Kh7 59. Qg3 Kh6 60. Ke6 Kh7 61. Kf6 Kh8 62. Qg7# 1-0

[Event "*** Titled Tuesday 3|2 Blitz (Late)"]
[Site "Chess.com"]
[Date "2016.12.06"]
[Round "6"]
[White "capatl"]
[Black "SwiftyMcBishop"]
[Result "1-0"]
[WhiteElo "2388"]
[BlackElo "2110"]
[TimeControl "180+2"]
[EndTime "18:12:29 PST"]
[Termination "capatl won by resignation"]

1. c4 e6 2. d4 Nf6 3. Nc3 d5 4.
Nf3 Be7 5. Bg5 O-O 6. e3 c5 7. cxd5 Nxd5 8. Bxe7 Qxe7 9. Nxd5 exd5 10. dxc5 Qxc5 11. Qd4 Qd6 12. Bd3 Nc6 13. Qh4 h6 14. O-O Be6 15. a3 Rac8 16. Rfd1 Ne5 17. Qf4 Nxf3+ 18.
Qxf3 Qe5 19. Rab1 Rc5 20. h3 Rfc8 21. Qe2 a6 22. Qd2 Qg5 23. Kh2 Kh8 24. Rbc1 Rxc1 25. Rxc1 Rd8 26. Qc3 Qh4 27. Qc7 Re8 28. Rc2 b5 29. Qc6 Rd8 30. Qxa6 d4 31. Qxb5 dxe3 32. fxe3 Qe7 33. Be2 Qd6+ 34. Kg1 Qg3 35. Qh5 Qxe3+ 36. Kh1 Qf4 37. Qf3 Qd6 38. Rc1 Bd5 39. Qg4 Qe5 40. Rb1 Qe3 41. Bf3 Be6 42. Qh4 Qd2 43. Rd1 Qxd1+ 44.
Bxd1 Rxd1+ 45. Kh2 Rb1 46. Qd4 Ra1 47. a4 Ra2 48.
Qb4 Kh7 49. a5 Bd5 50. Qb5 Be6 51. a6 Ra1 52. Qd3+ g6 53. b4 Ra2 54. b5 Kg7 55. b6 Rb2 56. Qd4+ 1-0

[Event "*** Titled Tuesday 3|2 Blitz (Late)"]
[Site "Chess.com"]
[Date "2016.12.06"]
[Round "6"]
[White "Hikaru"]
[Black "ShimanovAlex"]
[Result "1/2-1/2"]
[WhiteElo "2893"]
[BlackElo "2669"]
[TimeControl "180+2"]
[EndTime "18:13:06 PST"]
[Termination "Game drawn - insufficient material"]

1. d4 Nf6 2. Bf4 d5 3. e3 c5 4. c3 Nc6 5. Nd2 Bg4 6. Ngf3 e6 7. Qb3 Qc8 8. Ne5 Nxe5 9. Bxe5 c4 10. Qb5+ Qd7 11.
Qxd7+ Nxd7 12. Bg3 b5 13. f3 Bh5 14. e4 Nb6 15. Be2 Be7 16. Bd1 Kd7 17. a4 a6 18.
Bc2 Bg6 19. Ke2 Kc6 20. b3 Bg5 21. Rhb1 Bxd2 22. Kxd2 cxb3 23. Rxb3 Nxa4 24. Rxa4 bxa4 25. Rb4 Kd7 26. Bxa4+ Ke7 27. Rb7+ Kf8 28. Bc6 dxe4 29. fxe4 h5 30. Rd7 Rc8 31. Bb7 Re8 32. c4 Kg8 33.
c5 Kh7 34. Ke3 a5 35. c6 a4 36. Bd6 f5 37. Re7 fxe4 38. c7 Ref8 39. Rd7 Re8 40. Be7 e5 41. Bd8 exd4+ 42. Rxd4 Bf5 43. Rxa4 Rxd8 44. cxd8=Q Rxd8 45. Ra5 Bg6 46. Ra3 Rd3+ 47. Rxd3 exd3 48. Ba6 Kh6 49. h4 Bf5 50. g3 g5 51. Bb5 Kg6 52. Be8+ Kh6 53. Bf7 gxh4 54. gxh4 Bg6 55. Bd5 Kg7 56. Bb7 Kf6 57. Ba6 Ke5 58. Bc4 Kf6 59. Bb3 Ke5 60. Bd1 d2 61. Kxd2 Kf4 62.
Ke1 Kg3 63. Kf1 Kxh4 64. Kg2 Bf5 65. Bxh5 1/2-1/2

[Event "*** Titled Tuesday 3|2 Blitz (Late)"]
[Site "Chess.com"]
[Date "2016.12.06"]
[Round "6"]
[White "Quiet_Desperation"]
[Black "hypert"]
[Result "1-0"]
[WhiteElo "2300"]
[BlackElo "2263"]
[TimeControl "180+2"]
[EndTime "18:13:19 PST"]
[Termination "Quiet_Desperation won by resignation"]

1. e4 c5 2. Nf3 e6 3. d4 cxd4 4. Nxd4 Nc6 5. Nc3 Qc7 6. Nxc6 dxc6 7. Bd3 e5 8. O-O Ne7 9. f4 exf4 10. Bxf4 Qb6+ 11.
Kh1 Ng6 12. Bc4 Nxf4 13. Rxf4 Be6 14. Bxe6 fxe6 15. Qh5+ g6 16. Qe5 O-O-O 17. Qxh8 Bd6 18. Qf6 Bxf4 19. Rd1 Rxd1+ 20. Nxd1 Qd8 21. Qxe6+ Kb8 22. Qg4 g5 23. g3 Bc1 24. Qe2 Qd4 25. b3 h5 26. e5 Qd5+ 27. Kg1 Ba3 28. e6 Bc5+ 29. Nf2 Be7 30. c4 Qd4 31. Qxh5 Bc5 32. Qe2 Qf6 33. Kg2 Bxf2 34. Qxf2 Qxe6 35. Qf8+ Kc7 36. Qg7+ Kb6 37. Qxg5 Qe2+ 38. Kh3 Qxa2 39. Qe3+ Kc7 40. Qe7+ Kb6 41.
Qd8+ Ka6 42. Qd3 b5 43. cxb5+ cxb5 44. g4 Qf2 45. g5 Qf7 46. g6 Qg7 47. Qd6+ Ka5 48.
Kg4 b4 49. h4 a6 50. h5 Qb7 51.
Qe5+ Kb6 52. Qf6+ Ka5 53. Qf5+ Kb6 54. Qf2+ Ka5 55. Qf5+ Kb6 56. Kg5 Qg2+ 57. Kh6 Qd2+ 58. Qg5 Qd6 59. Kh7 Qf8 60. g7 Qf1 61. g8=Q Qd3+ 62.
Q5g6+ 1-0

[Event "*** Titled Tuesday 3|2 Blitz (Late)"]
[Site "Chess.com"]
[Date "2016.12.06"]
[Round "6"]
[White "LawrenceTrent"]
[Black "Noukii"]
[Result "1-0"]
[WhiteElo "2454"]
[BlackElo "2633"]
[TimeControl "180+2"]
[EndTime "18:13:37 PST"]
[Termination "LawrenceTrent won by checkmate"]

1. d4 d5 2. Bf4 Nf6 3. e3 c5 4. c3 Nc6 5. Nd2 e6 6. Ngf3 Bd6 7. Bg3 O-O 8. Bb5 Ne7 9. Bd3 b6 10. Ne5 Bb7 11. O-O Nf5 12. Bxf5 exf5 13. Bh4 Be7 14. Qa4 Ne4 15. Bxe7 Qxe7 16. Ndf3 f6 17. Nd3 g5 18. Qd1 a5 19. Re1 c4 20. Nc1 b5 21.
Nd2 b4 22. Ne2 Rfe8 23. Nf1 Bc6 24. f3 Nd6 25. Neg3 Rab8 26. Qd2 Qf7 27. Rac1 h5 28. h4 Qg6 29. Ne2 Kh7 30. Kf2 Rb7 31. Nfg3 Kg7 32. Rh1 Rh8 33. Kg1 b3 34. a3 Re7 35. Re1 Be8 36. Kf2 Qh6 37. Ng1 Bg6 38. Nh3 Rhe8 39. Nf1 f4 40. Re2 Bd3 41. Re1 Qg6 42. hxg5 fxg5 43.
Qc1 Nf5 44. e4 dxe4 45. fxe4 Rxe4 46. Rxe4 Rxe4 47. Nd2 Re2+ 48. Kg1 Ne3 49. Rh2 Nc2 50. Nf3 Be4 51. Nhxg5 Bxf3 52. Nxf3 Qg3 53. Qf1 Re6 54. Qxc4 Re1+ 55. Nxe1 Qxe1+ 56. Qf1 Qe3+ 57. Kh1 Nxa3 58. Rxh5 Nc2 59. Qa6 Qe1+ 60. Kh2 Qg3+ 61. Kg1 Qe1+ 62. Qf1 Qe3+ 63. Kh1 a4 64. d5 Qe1 65. Qxe1 Nxe1 66.
d6 a3 67. d7 axb2 68. d8=Q b1=Q 69. Qe7+ Kg8 70. Rg5+ Kh8 71. Qg7# 1-0

[Event "*** Titled Tuesday 3|2 Blitz (Late)"]
[Site "Chess.com"]
[Date "2016.12.06"]
[Round "6"]
[White "platy3"]
[Black "tango_argentino"]
[Result "1-0"]
[WhiteElo "2701"]
[BlackElo "2374"]
[TimeControl "180+2"]
[EndTime "18:14:29 PST"]
[Termination "platy3 won on time"]

1. e4 e6 2. d4 d5 3. Nc3 Nf6 4. e5 Nfd7 5. f4 c5 6. Nf3 Nc6 7. Be3 Be7 8. a3 b6 9. Bd3 cxd4 10. Nxd4 Nxd4 11. Bxd4 Bc5 12. Ne2 a5 13. O-O Ba6 14. b4 Bxd3 15. Qxd3 axb4 16. axb4 Bxb4 17. Qb5 Bc5 18. Bxc5 bxc5 19. Rxa8 Qxa8 20. Ng3 g6 21. c4 d4 22. Re1 Ke7 23. Qb2 Rb8 24. Qf2 Qa3 25.
Ne4 Kf8 26. Qh4 h5 27. Qg5 d3 28. Qh6+ Ke7 29. Qg5+ Kf8 30. f5 exf5 31. e6 fxe4 32. Qf4 f5 33. Qd6+ Kg7 34. exd7 Qa5 35. Rf1 Qd8 36.
Qe5+ Kh7 37. Ra1 d2 38. Rd1 Qxd7 39. Qxb8 e3 40. Qe5 f4 41. g3 Qg4 42. Qe7+ Kg8 43.
Qe8+ Kg7 44. Qe7+ Kg8 45. Qd8+ Kh7 46. Qc7+ Kg8 47. Qd8+ Kh7 48. Ra1 h4 49. Ra7+ Kh6 50. Qh8+ Kg5 51. Qd8+ Kh6 52. Qh8+ Kg5 53. Qe5+ Kh6 54.
Qg7+ Kg5 55. Qe7+ Kh6 56. Qf8+ Kg5 57. Qd8+ Kh6 58. Qf8+ Kg5 59. Qe7+ Kh6 60. Qg7+ Kg5 61. Qe7+ Kh6 62. Qf8+ Kg5 63. Qd8+ Kh6 64. Qh8+ Kg5 65. Qe5+ Qf5 66. gxf4+ Kg4 67. h3+ Kf3 68. Qa1 Qxf4 69. Qf1+ Ke4 70. Re7+ 1-0

[Event "*** Titled Tuesday 3|2 Blitz (Late)"]
[Site "Chess.com"]
[Date "2016.12.06"]
[Round "6"]
[White "Genghis_K"]
[Black "viditchess"]
[Result "1/2-1/2"]
[WhiteElo "2681"]
[BlackElo "2614"]
[TimeControl "180+2"]
[EndTime "18:16:02 PST"]
[Termination "Game drawn - insufficient material"]

1. d4 Nf6 2. Bf4 g6 3. Nf3 Bg7 4. e3 d6 5. Be2 O-O 6. O-O b6 7. a4 a6 8. a5 b5 9. c4 bxc4 10.
Bxc4 Bb7 11. Nc3 Nbd7 12. b4 Nh5 13. Bg5 h6 14. Bh4 g5 15. Nd2 Ndf6 16. Bg3 e6 17. Qe2 Nxg3 18. hxg3 c5 19. bxc5 dxc5 20. Nb3 cxd4 21.
exd4 Rc8 22. Na4 Qd6 23. Nb6 Rc7 24. Bxa6 Bxa6 25. Qxa6 Nd5 26. Rfc1 Rxc1+ 27. Rxc1 Qb4 28. Qc4 Qxc4 29. Rxc4 Rb8 30. Rc8+ Rxc8 31. Nxc8 Nb4 32. Kf1 Kf8 33. Ke2 Ke8 34. Kd2 Kd7 35. Na7 Na6 36.
Kd3 Kc7 37. Kc4 Kb7 38. Nb5 Kc6 39. g4 Bf8 40. Nc3 Bb4 41. d5+ exd5+ 42. Nxd5 Be1 43.
Nd4+ Kd6 44. Nf5+ Kc6 45. f3 Bxa5 46. Nxh6 Nc5 47. Nxf7 Ne6 48. Nf6 Bd2 49. Kd3 Bc1 50.
Ke4 Nf4 51. g3 Ne2 52. Nh5 Kd7 53. Ne5+ Ke6 54. f4 Nxg3+ 55. Nxg3 Bxf4 56. Nf3 Bxg3 57. Nxg5+ Kf6 58. Nf3 Bc7 59. Ke3 Kg6 60. Kf2 Bd8 61. Kg3 Bc7+ 62. Kh3 Bd8 63. Ne5+ Kg7 64. Nc6 Bg5 65.
Kg3 Bh6 66. Kf3 Bg5 67. Ke4 Bf6 68. Kf5 Bh4 69. Nd4 Be7 70. Ke6 Bg5 71. Nf3 Bd8 72. Kf5 Be7 73. Nd4 Bh4 74. Ne6+ Kf7 75. Nf4 Bd8 76.
Ng6 Kg7 77. Ne5 Bh4 78. Nc6 Kf7 79. Nb4 Kg7 80. Nd3 Kf7 81. Ne5+ Kg7 82. Ng6 Bd8 83.
Nf4 Bh4 84. Nh5+ Kf7 85. Kf4 Kg6 86. Kf3 Be7 87. Nf4+ Kg5 88. Nh3+ Kh4 89. Nf2 Kg5 90. Ne4+ Kg6 91. Nc3 Bd8 92. Nd5 Bg5 93. Ke4 Bh4 94. Nf4+ Kg7 95. Kf5 Kf7 96. Ng6 Bd8 97. Ne5+ Kg7 98.
Nc6 Bh4 99. Nd4 Kf7 100. Ne6 Be7 101. Nc7 Bh4 102. Nd5 Bd8 103. Nc3 Bf6 104. Ne4 Be7 105. Kf4 Kg6 106. Nc3 Bd6+ 107. Kf3 Be7 108. Nd5 Bd8 109. Nf4+ Kf7 110. Kg2 Bc7 111. Nd3 Bd8 112. Kh3 Kg6 113. Nf4+ Kf7 114. Ne6 Kxe6 115. g5 Bxg5 1/2-1/2

[Event "*** Titled Tuesday 3|2 Blitz (Late)"]
[Site "Chess.com"]
[Date "2016.12.06"]
[Round "7"]
[White "calemcc"]
[Black "Peroncio"]
[Result "0-1"]
[WhiteElo "2108"]
[BlackElo "2471"]
[TimeControl "180+2"]
[EndTime "18:18:40 PST"]
[Termination "Peroncio won by resignation"]

1. d4 Nf6 2. c4 e6 3. Nf3 d5 4.
Nc3 c6 5. e3 Nbd7 6. Qc2 Bd6 7.
Bd2 O-O 8. Bd3 dxc4 9. Bxc4 e5 10. h3 Qe7 11. O-O e4 12. Ng5 Nb6 13. Bb3 Bf5 14.
f3 Bg6 15. Ncxe4 Nfd5 16. Nxd6 Bxc2 0-1

[Event "*** Titled Tuesday 3|2 Blitz (Late)"]
[Site "Chess.com"]
[Date "2016.12.06"]
[Round "7"]
[White "SPEEDSKATER"]
[Black "Apocalyps999"]
[Result "0-1"]
[WhiteElo "2324"]
[BlackElo "2422"]
[TimeControl "180+2"]
[EndTime "18:19:50 PST"]
[Termination "Apocalyps999 won by resignation"]

1. d4 d5 2. c4 c6 3. Nf3 Nf6 4.
Nc3 e6 5. Bg5 dxc4 6. e4 b5 7.
e5 h6 8. Bh4 g5 9. Nxg5 hxg5 10. Bxg5 Nbd7 11. exf6 Bb7 12. g3 c5 13. d5 Nxf6 14.
Bg2 Be7 15. O-O Nxd5 16. Bxe7 Kxe7 17. Nxd5+ Bxd5 18. Qe2 Bxg2 19. Kxg2 Qd5+ 20. f3 Rag8 21.
Rad1 Qh5 22. Rh1 Qh3+ 23. Kf2 Qxh2+ 24. Rxh2 Rxh2+ 25. Ke3 Rxe2+ 26. Kxe2 Rxg3 27. Kf2 Rh3 28. Kg2 Rh5 0-1

[Event "*** Titled Tuesday 3|2 Blitz (Late)"]
[Site "Chess.com"]
[Date "2016.12.06"]
[Round "7"]
[White "HarutyunianTigranK"]
[Black "Buffy7"]
[Result "1-0"]
[WhiteElo "2644"]
[BlackElo "2470"]
[TimeControl "180+2"]
[EndTime "18:20:24 PST"]
[Termination "HarutyunianTigranK won by resignation"]

1. c4 c6 2. Nf3 d5 3. d4 Nf6 4.
Qc2 dxc4 5. Qxc4 Bg4 6. Nc3 Nbd7 7. e4 e5 8. dxe5 Bxf3 9. exf6 Ne5 10. Qb3 Bc5 11.
fxg7 Rg8 12. Bf4 Bxg2 13. Bxe5 Bxh1 14. Qxb7 1-0

[Event "*** Titled Tuesday 3|2 Blitz (Late)"]
[Site "Chess.com"]
[Date "2016.12.06"]
[Round "7"]
[White "dretch"]
[Black "FranklinAPalomo"]
[Result "1-0"]
[WhiteElo "2590"]
[BlackElo "2404"]
[TimeControl "180+2"]
[EndTime "18:21:50 PST"]
[Termination "dretch won by resignation"]

1. d4 c5 2. d5 Nf6 3. c4 d6 4.
Nc3 g6 5. e4 Bg7 6. Nf3 O-O 7.
h3 Nbd7 8. Bd3 a6 9. O-O Ne8 10. Bg5 Rb8 11. Qd2 Nc7 12. a4 f6 13. Be3 Rf7 14. Rfe1 Ne5 15. Nxe5 fxe5 16. a5 Bd7 17. Reb1 b5 18. axb6 Rxb6 19. Na2 Rb8 20. b4 cxb4 21.
Nxb4 Qc8 22. Qa2 Ra8 23. Bf1 a5 24. Nc6 Bxc6 25. dxc6 Qe8 26. c5 Qxc6 27. Bc4 e6 28. cxd6 Qxd6 29. Rb6 Qd7 30. Rc1 Re8 31. Rb7 Qc6 32.
Qb1 Rc8 33. Ba2 Qe8 34. Qb6 Na8 35. Qxe6 1-0

[Event "*** Titled Tuesday 3|2 Blitz (Late)"]
[Site "Chess.com"]
[Date "2016.12.06"]
[Round "7"]
[White "Quiet_Desperation"]
[Black "jposthuma"]
[Result "0-1"]
[WhiteElo "2290"]
[BlackElo "2221"]
[TimeControl "180+2"]
[EndTime "18:22:05 PST"]
[Termination "jposthuma won by resignation"]

1. e4 c6 2. d4 d5 3. exd5 cxd5 4. Bd3 Nc6 5. Nf3 Qc7 6. O-O Bg4 7. c3 e6 8. Re1 Bd6 9. h3 Bh5 10. Nbd2 Nge7 11. a4 Bg6 12. Nf1 Bxd3 13. Qxd3 Ng6 14. Ne3 Nf4 15. Qf1 O-O 16. Ng4 Na5 17. Nfe5 Ng6 18.
Nxg6 hxg6 19. Rb1 Nb3 20. Be3 Qc6 21. h4 Qxa4 22. Bg5 Qd7 23. Qe2 Be7 24. Ne5 Qd8 25. Bxe7 Qxe7 26. h5 gxh5 27. Qxh5 Nd2 28. Re3 Qf6 29.
Rd1 Ne4 30. Nd7 Qxf2+ 31. Kh1 Qxe3 32. Nxf8 Ng3+ 0-1

[Event "*** Titled Tuesday 3|2 Blitz (Late)"]
[Site "Chess.com"]
[Date "2016.12.06"]
[Round "7"]
[White "DanielNaroditsky"]
[Black "GeorgMeier"]
[Result "1-0"]
[WhiteElo "2716"]
[BlackElo "2760"]
[TimeControl "180+2"]
[EndTime "18:22:15 PST"]
[Termination "DanielNaroditsky won by resignation"]

1. d4 e6 2. Bf4 Nf6 3. e3 Be7 4. Bd3 b6 5. Nf3 Nh5 6. Bg3 Bb7 7. Nbd2 d6 8. a4 a6 9. c3 Nd7 10. e4 h6 11. Qe2 O-O 12. Bc2 e5 13. dxe5 Nxg3 14. hxg3 Nxe5 15. Nxe5 dxe5 16. Nc4 Bf6 17.
Ne3 Qe7 18. Nf5 Qe6 19. Qg4 Bg5 20. Bb3 Qxb3 21. Qxg5 1-0

[Event "*** Titled Tuesday 3|2 Blitz (Late)"]
[Site "Chess.com"]
[Date "2016.12.06"]
[Round "7"]
[White "chesstatour"]
[Black "Alliswell998"]
[Result "0-1"]
[WhiteElo "1886"]
[BlackElo "2130"]
[TimeControl "180+2"]
[EndTime "18:22:21 PST"]
[Termination "Alliswell998 won by resignation"]

1. c4 Nf6 2. Nc3 g6 3. e4 Bg7 4. d4 d6 5. f4 O-O 6. Nf3 Nc6 7. d5 Nb8 8. Bd3 Nbd7 9. O-O c5 10.
e5 dxe5 11. fxe5 Ng4 12. e6 fxe6 13. Ng5 Bd4+ 14. Kh1 Rxf1+ 15. Qxf1 Nf2+ 16. Kg1 Nxd3+ 17. Kh1 Nf2+ 18. Kg1 Qf8 19. Nf3 exd5 20. Nxd4 cxd4 21. Nxd5 Ne4 22. Qxf8+ Kxf8 23. Bh6+ Kf7 24. Rf1+ Ndf6 25. h3 Be6 26. g4 Bxd5 27. cxd5 Kg8 28. Re1 d3 0-1

[Event "*** Titled Tuesday 3|2 Blitz (Late)"]
[Site "Chess.com"]
[Date "2016.12.06"]
[Round "7"]
[White "GM_Barcenilla"]
[Black "1e41-0"]
[Result "1-0"]
[WhiteElo "2662"]
[BlackElo "2203"]
[TimeControl "180+2"]
[EndTime "18:22:31 PST"]
[Termination "GM_Barcenilla won by resignation"]

1. c4 e5 2. g3 c6 3. d4 e4 4. d5 Nf6 5. Nc3 Bb4 6. Bd2 O-O 7.
a3 Bxc3 8. Bxc3 e3 9. fxe3 Ng4 10.
Qd4 Qg5 11. Nf3 Qg6 12. Nh4 Qg5 13. Nf5 f6 14. Qe4 cxd5 15. cxd5 d6 16. Ne7+ Kh8 17. Nxc8 Rxc8 18. h4 Qh5 19. Bh3 f5 20. Qe7 Qg6 21. h5 Qh6 22. Bxg4 fxg4 23. Qxb7 Nd7 24. Qxd7 Rxc3 25. bxc3 Qxe3 26. Qxg4 Rf8 27. Qd4 Qxg3+ 28.
Kd2 Qg5+ 29. Kc2 Qf5+ 30. Qd3 Qe5 31. h6 g6 32. Qd4 1-0

[Event "*** Titled Tuesday 3|2 Blitz (Late)"]
[Site "Chess.com"]
[Date "2016.12.06"]
[Round "7"]
[White "Zlatan56"]
[Black "gmshanmeruga"]
[Result "0-1"]
[WhiteElo "2646"]
[BlackElo "2340"]
[TimeControl "180+2"]
[EndTime "18:22:54 PST"]
[Termination "gmshanmeruga won by resignation"]

1. d4 Nf6 2. Nf3 e6 3. e3 d5 4. Bd3 c5 5. c3 Nc6 6. Nbd2 Bd6 7. dxc5 Bxc5 8. b4 Bd6 9. Bb2 O-O 10. O-O b6 11. a3 Bb7 12. c4 dxc4 13. Nxc4 Bc7 14. Qc2 Rc8 15. Rfd1 b5 16. Ng5 Qe7 17. Nxh7 bxc4 18.
Nxf6+ gxf6 19. Qxc4 f5 20. Be2 Ne5 21. Qd4 Qg5 22.
g3 Bf3 23. Kf1 Bxe2+ 24. Kxe2 Qh5+ 25. Kf1 Rfd8 0-1

[Event "*** Titled Tuesday 3|2 Blitz (Late)"]
[Site "Chess.com"]
[Date "2016.12.06"]
[Round "7"]
[White "oskariot"]
[Black "Sethu0025"]
[Result "0-1"]
[WhiteElo "2406"]
[BlackElo "2606"]
[TimeControl "180+2"]
[EndTime "18:23:02 PST"]
[Termination "Sethu0025 won by resignation"]

1. e4 c5 2. Nf3 e6 3. d4 cxd4 4.
Nxd4 Nc6 5. Nc3 Qc7 6. Qd3 a6 7. Nxc6 bxc6 8. Qg3 d6 9. Bd3 Nf6 10. O-O Bb7 11. f4 d5 12. e5 Nh5 13. Qh3 g6 14. Na4 c5 15. c4 d4 16. b3 Ng7 17. Nb2 Nf5 18. Re1 h5 19. Be4 Be7 20. Nd3 Rd8 21. Qf3 Nh4 22. Qe2 Nf5 23. Bd2 Kf8 24. g3 Kg7 25. Qf3 Bxe4 26. Qxe4 Rd7 27. Kf2 Rhd8 28.
Rad1 Rb8 29. h3 a5 30. Rh1 h4 31. gxh4 Bxh4+ 32. Ke2 0-1

[Event "*** Titled Tuesday 3|2 Blitz (Late)"]
[Site "Chess.com"]
[Date "2016.12.06"]
[Round "7"]
[White "Wilsonpalencia"]
[Black "Hikaru"]
[Result "0-1"]
[WhiteElo "2463"]
[BlackElo "2894"]
[TimeControl "180+2"]
[EndTime "18:23:12 PST"]
[Termination "Hikaru won by resignation"]

1. e4 g6 2. d4 Bg7 3. Nc3 a6 4. f4 c6 5. Nf3 d5 6. e5 Bg4 7. Be3 e6 8. Be2 Ne7 9. h3 Bxf3 10. Bxf3 Nf5 11. Bf2 h5 12. g4 Nh4 13. Qe2 Bh6 14. g5 Nxf3+ 15. Qxf3 Bf8 16. O-O-O Nd7 17. Kb1 Rc8 18. Na4 b6 19. b3 Be7 20.
Qe2 Ra8 21. c4 dxc4 22. bxc4 b5 23. Nc5 Nb6 24. Qe4 Qc8 25. cxb5 Nd5 26. Rc1 axb5 27. Rc2 b4 28. Be1 Bxc5 29. dxc5 b3 30. axb3 Qa6 31. Kc1 O-O 32. Qa4 Qxa4 33. bxa4 Rxa4 34. Rf1 Ra1+ 35. Kd2 Rb8 36. Rf3 Rbb1 37. Bf2 Rh1 38. Bd4 Rad1+ 0-1

[Event "*** Titled Tuesday 3|2 Blitz (Late)"]
[Site "Chess.com"]
[Date "2016.12.06"]
[Round "7"]
[White "silverback96"]
[Black "stalyansky"]
[Result "1-0"]
[WhiteElo "2010"]
[BlackElo "2126"]
[TimeControl "180+2"]
[EndTime "18:23:25 PST"]
[Termination "silverback96 won by checkmate"]

1. d4 d5 2. c4 c6 3. Nf3 Nf6 4.
Nc3 e6 5. g3 Nbd7 6. Bg2 dxc4 7.
O-O Be7 8. e4 O-O 9. a4 a6 10.
e5 Nd5 11. Ne4 b5 12. Bg5 a5 13. h4 b4 14. Bxe7 Qxe7 15. Nfg5 h6 16. Nf3 Ba6 17. Re1 Rab8 18. g4 c5 19. g5 h5 20.
g6 fxg6 21. Nfg5 cxd4 22. Qxd4 Nf4 23. Ng3 Nxg2 24. Kxg2 Bb7+ 25. Kg1 Bd5 26. Qd2 Nc5 27. Re3 Nd3 28. Rxd3 cxd3 29. Qxd3 Qe8 30. Nxh5 Rf5 31.
Ng3 Rxe5 32. Qd4 Rf5 33. Nxf5 gxf5 34. Qe5 Rc8 35. Rd1 Qh5 36. Rxd5 exd5 37. Qe6+ Kf8 38. Qxc8+ Ke7 39. Qc7+ Kf6 40. Qd6# 1-0

[Event "*** Titled Tuesday 3|2 Blitz (Late)"]
[Site "Chess.com"]
[Date "2016.12.06"]
[Round "7"]
[White "spirals5"]
[Black "AlexanderL"]
[Result "0-1"]
[WhiteElo "2299"]
[BlackElo "2582"]
[TimeControl "180+2"]
[EndTime "18:23:44 PST"]
[Termination "AlexanderL won by resignation"]

1. e4 e6 2. Nc3 d5 3. d4 Nf6 4.
exd5 exd5 5. Bd3 c5 6. Nf3 c4 7. Be2 Bb4 8. O-O Bxc3 9. bxc3 O-O 10. Bg5 Nbd7 11. Ne5 Qa5 12. Nxd7 Nxd7 13. Qd2 Nb6 14. a4 Re8 15. Bf3 Be6 16. h3 Nxa4 17. Rfb1 b5 18. Rb4 a6 19. h4 Qc7 20. h5 f6 21. Bf4 Qd7 22. Rbb1 Bg4 23. Bxg4 Qxg4 24. h6 Re2 25. Qc1 Nxc3 26. hxg7 Rae8 27. Bg3 Rxf2 28. Bxf2 Ne2+ 29. Kf1 Nxc1 30. Rxc1 Re6 31. c3 Kxg7 32.
Re1 Kg6 33. Rxe6 Qxe6 34. Be1 h5 35. Bh4 b4 36. cxb4 c3 37. Rc1 Qf5+ 38. Bf2 Qd3+ 39. Kg1 Qd2 0-1

[Event "*** Titled Tuesday 3|2 Blitz (Late)"]
[Site "Chess.com"]
[Date "2016.12.06"]
[Round "7"]
[White "Genghis_K"]
[Black "LPSupi"]
[Result "1-0"]
[WhiteElo "2688"]
[BlackElo "2606"]
[TimeControl "180+2"]
[EndTime "18:24:13 PST"]
[Termination "Genghis_K won by resignation"]

1. d4 Nf6 2. Bf4 b6 3. f3 d5 4. e4 dxe4 5. Nc3 Bb7 6. d5 e6 7.
dxe6 Qxd1+ 8. Rxd1 fxe6 9. Nxe4 Nxe4 10. fxe4 Bd6 11. Bb5+ Bc6 12. Bxc6+ Nxc6 13. Bxd6 cxd6 14. Rxd6 Rc8 15. Nf3 Ke7 16. Rd2 Nb4 17. c3 Na6 18. Ke2 Nc5 19. Ke3 Rc7 20. Rhd1 Rhc8 21. Ne5 Ke8 22.
Rf1 Nb7 23. Rdf2 Nd6 24. Rf8+ Ke7 25. Rxc8 Rxc8 26. Kd3 Rc5 27. Nf3 Nc4 28. b3 Ne5+ 29. Nxe5 Rxe5 30. b4 Rh5 31. h3 Rg5 32. g4 h5 33. Rg1 Kd6 34. Kd4 b5 35. a3 Kc6 36.
e5 a6 37. Ke4 hxg4 38. hxg4 Rg6 39. g5 1-0

[Event "*** Titled Tuesday 3|2 Blitz (Late)"]
[Site "Chess.com"]
[Date "2016.12.06"]
[Round "7"]
[White "VitaliyBernadskiy"]
[Black "chessking2151"]
[Result "0-1"]
[WhiteElo "2552"]
[BlackElo "2401"]
[TimeControl "180+2"]
[EndTime "18:24:24 PST"]
[Termination "chessking2151 won on time"]

1. e4 e5 2. Nf3 Nc6 3. Bc4 f5 4. d3 Nf6 5. Ng5 d5 6. exd5 Na5 7.
O-O h6 8. Nf3 Nxc4 9. dxc4 e4 10. Ne5 Bd6 11. Ng6 Rg8 12. Bf4 Kf7 13. Ne5+ Ke8 14.
Bg3 Qe7 15. f4 g5 16. c5 Bxc5+ 17. Kh1 Bd6 18. Nc4 Ng4 19. Nxd6+ cxd6 20. Qd4 Bd7 21. Nc3 b5 22. Rae1 Nf6 23. a3 Kf7 24. fxg5 hxg5 25. Rxe4 Nxe4 26. Nxe4 Kg6 27. Nxd6 f4 28.
Ne4 Bf5 29. Nc5 fxg3 30. d6 Qe2 31. Rg1 Rh8 32. h3 Rxh3+ 0-1